 Dungeon Crawl Stone Soup version 0.23.2-33-g5129a83184 (webtiles) character file.

Game seed: 6531251423713607541

2266480 dvd the Pyromancer (level 27, 227/227 HPs)
             Began as a Demonspawn Fire Elementalist on July 26, 2019.
             Was the Champion of Qazlal.
             Escaped with the Orb
             ... and 4 runes on July 28, 2019!
             The game lasted 06:56:33 (77996 turns).

dvd the Pyromancer (Demonspawn Fire Elementalist)  Turns: 77996, Time: 06:56:33

Health: 227/227    AC: 24    Str: 15    XL:     27
Magic:  54/54      EV: 18    Int: 32    God:    Qazlal [******]
Gold:   4535       SH: 16    Dex: 16    Spells: 5/63 levels left

rFire    + + .     SeeInvis +   a - +9 demon trident (pierce)
rCold    + + .     Gourm    .   M - +0 buckler of the Thirsty Blessings {MR+++ Dex-2 SInv Stlth+}
rNeg     + + .     Faith    .   y - +6 chain mail "Yquana Esatt" {rC+ Dex+4}
rPois    +         Spirit   +   S - -2 hat of the Alchemist {rElec rPois rF+ rC+ rN+ MR+ rMut rCorr}
rElec    +         Reflect  .   N - +2 cloak of the Tuna {Int+4}
rCorr    +         Harm     .   H - +2 pair of gloves {Str+3}
rMut     +                      (boots unavailable)
MR       +++++                  I - amulet of regeneration
Stlth    +.........             Q - ring of Rit Lati {MP+9 Int+2}
HPRegen  1.87/turn              f - ring of Incredulity {*Slow Str+2 Slay+6 SInv}
MPRegen  0.68/turn

@: regenerating, studying Long Blades, deflect missiles
A: antennae 2, talons 3, fire resistance 1, ignite blood, negative energy
resistance 1, robust 1, 50% torment resistance, weak 1, magic shield, magic
regeneration, magic link, black mark, flame cloud immunity, sturdy frame 3
0: Orb of Zot
}: 4/15 runes: serpentine, barnacled, slimy, silver
a: Upheaval, Elemental Force, Disaster Area, Renounce Religion


You escaped.
You worshipped Qazlal.
Qazlal was exalted by your worship.
You were not hungry.

You visited 13 branches of the dungeon, and saw 59 of its levels.
You visited 1 bazaar.
You also visited: Gauntlet.

You collected 9451 gold pieces.
You spent 4916 gold pieces at shops.

Inventory:

Hand Weapons
 a - a +9 demon trident of piercing (weapon)
 d - a +6 demon trident of electrocution
Armour
 y - the +6 chain mail "Yquana Esatt" (worn) {rC+ Dex+4}
   (You bought it in a shop on level 2 of the Orcish Mines)

   It affects your dexterity (+4).
   It protects you from cold.
 H - a +2 pair of gloves of strength (worn)
 K - the +0 mask of the Dragon {MR+ Slay+3 SInv}
   (You acquired it on level 1 of the Snake Pit)

   It affects your accuracy and damage with ranged weapons and melee attacks
   (+3).
   It affects your resistance to hostile enchantments.
   It lets you see invisible.
 M - the +0 buckler of the Thirsty Blessings (worn) {MR+++ Dex-2 SInv Stlth+}
   (You found it on level 3 of the Lair of Beasts)

   It affects your dexterity (-2).
   It affects your resistance to hostile enchantments.
   It lets you see invisible.
   It makes you more stealthy.
 N - the +2 cloak of the Tuna (worn) {Int+4}
   (You found it on level 5 of the Depths)

   It affects your intelligence (+4).
 P - the +3 faerie dragon scales {rElec rCorr Str-3 Int+10 Stlth-}
   (You took it off the Enchantress on level 5 of the Depths)

   It affects your strength (-3).
   It affects your intelligence (+10).
   It insulates you from electricity.
   It provides partial protection from all sources of acid and corrosion.
   It makes you less stealthy.
 S - the -2 hat of the Alchemist (worn) {rElec rPois rF+ rC+ rN+ MR+ rMut rCorr}
   (You bought it in a shop on level 4 of the Vaults)

   It protects you from fire.
   It protects you from cold.
   It insulates you from electricity.
   It protects you from poison.
   It protects you from negative energy.
   It affects your resistance to hostile enchantments.
   It provides partial protection from all sources of acid and corrosion.
   It protects you from mutation.
Jewellery
 f - the ring of Incredulity (right hand) {*Slow Str+2 Slay+6 SInv}
   (You took it off a deep elf knight on level 3 of the Elven Halls)

   [ring of see invisible]

   It affects your strength (+2).
   It affects your accuracy and damage with ranged weapons and melee attacks
   (+6).
   It lets you see invisible.
   It may slow you when you take damage.
 q - a +3 amulet of reflection
 x - a +5 ring of evasion
 I - an amulet of regeneration (around neck)
 Q - the ring of Rit Lati (left hand) {MP+9 Int+2}
   (You found it on level 5 of the Lair of Beasts)

   [ring of magical power]

   It affects your intelligence (+2).
   It affects your magic capacity (+9).
Wands
 g - a wand of clouds (24)
 j - a wand of digging (18)
 m - a wand of paralysis (49)
 r - a wand of random effects (65)
 s - a wand of polymorph (45)
 t - a wand of acid (30)
 A - a wand of flame (159)
 C - a wand of iceblast (48)
 V - a wand of enslavement (30)
 W - a wand of disintegration (66)
Scrolls
 e - 2 scrolls of enchant armour
 h - a scroll of blinking
 o - 30 scrolls of identify
 p - 7 scrolls of fog
 u - a scroll of summoning
 v - 10 scrolls of teleportation
 z - 15 scrolls of remove curse
 B - 6 scrolls of fear
 J - 7 scrolls of amnesia
 Z - 2 scrolls of magic mapping
Potions
 b - 11 potions of magic
 i - 8 potions of brilliance
 k - 18 potions of curing
 l - 10 potions of haste
 n - a potion of berserk rage
 w - a potion of heal wounds
 D - 10 potions of mutation
 E - 6 potions of agility
 F - 3 potions of invisibility
 G - 12 potions of flight
 O - 7 potions of might
 T - 2 potions of ambrosia
 U - 6 potions of cancellation
 X - 6 potions of resistance
Books
 R - a manual of Long Blades
Miscellaneous
 L - 5 phantom mirrors
Comestibles
 c - 68 rations
 Y - 3 chunks of flesh


   Skills:
 + Level 15.0 Fighting
   Level 1.0(10.1) Axes
   Level 4.3(4.4) Maces & Flails
 - Level 14.5 Polearms
   Level 0.4(10.1) Staves
 * Level 14.3 Armour
 + Level 11.7 Dodging
 + Level 4.1 Stealth
 - Level 15.0 Shields
 + Level 18.7 Spellcasting
 * Level 16.1 Conjurations
   Level 1.2 Hexes
 * Level 10.5 Charms
 + Level 10.2 Summonings
 + Level 13.6 Necromancy
 + Level 3.5 Translocations
 + Level 0.8 Transmutations
 + Level 21.1 Fire Magic
   Level 0.2 Ice Magic
 * Level 7.1 Air Magic
 + Level 17.5 Invocations
 + Level 2.7 Evocations


You had 5 spell levels left.
You knew the following spells:

 Your Spells              Type           Power        Failure   Level  Hunger
a - Ignition              Fire           ########..   3%          8    #####..
b - Throw Flame           Conj/Fire      ######       0%          2    None
c - Bolt of Fire          Conj/Fire      #######...   1%          6    None
d - Sticky Flame          Conj/Fire      #######.     0%          4    None
e - Regeneration          Chrm/Necr      #######...   1%          3    None
f - Blink                 Tloc           N/A          1%          2    None
g - Fireball              Conj/Fire      #######...   1%          5    None
h - Aura of Abjuration    Summ           #######...   1%          5    None
i - Orb of Destruction    Conj           #######...   3%          7    ###....
j - Irradiate             Conj/Tmut      ######....   2%          5    None
k - Deflect Missiles      Chrm/Air       ######....   12%         6    None
m - Bolt of Draining      Conj/Necr      #######...   1%          5    None

Your spell library contained the following spells:

 Spells                   Type           Power        Failure   Level  Hunger
 Animate Skeleton         Necr           N/A          0%          1    None
 Flame Tongue             Conj/Fire      #####        0%          1    None
 Magic Dart               Conj           ####         0%          1    None
 Pain                     Necr           ####         0%          1    None
 Corpse Rot               Necr           N/A          0%          2    None
 Searing Ray              Conj           ######       0%          2    None
 Sublimation of Blood     Necr           #######...   0%          2    None
 Conjure Flame            Conj/Fire      #######.     0%          3    None
 Apportation              Tloc           ######       1%          1    None
 Beastly Appendage        Tmut           #####.       1%          1    None
 Confusing Touch          Hex            #####.       1%          1    None
 Corona                   Hex            #####..      1%          1    None
 Infusion                 Chrm           ####         1%          1    None
 Sting                    Conj/Pois      ####         1%          1    None
 Summon Butterflies       Summ           #######.     1%          1    None
 Summon Small Mammal      Summ           ####         1%          1    None
 Call Imp                 Summ           #######.     1%          2    None
 Poisonous Vapours        Pois/Air       ######       1%          2    None
 Shroud of Golubria       Chrm/Tloc      ######....   1%          2    None
 Song of Slaying          Chrm           #######.     1%          2    None
 Throw Frost              Conj/Ice       ######       1%          2    None
 Call Canine Familiar     Summ           #######.     1%          3    None
 Dazzling Spray           Conj/Hex       ######       1%          3    None
 Gell's Gravitas          Tloc           ######....   1%          3    None
 Ignite Poison            Fire/Tmut/Pois ######..     1%          3    None
 Inner Flame              Hex/Fire       #######.     1%          3    None
 Lesser Beckoning         Tloc           ######....   1%          3    None
 Mephitic Cloud           Conj/Pois/Air  ######..     1%          3    None
 Ozocubu's Armour         Chrm/Ice       ######..     1%          3    None
 Recall                   Summ/Tloc      N/A          1%          3    None
 Spectral Weapon          Hex/Chrm       ######..     1%          3    None
 Static Discharge         Conj/Air       #######.     1%          3    None
 Stone Arrow              Conj/Erth      ######       1%          3    None
 Teleport Other           Tloc           ######..     1%          3    None
 Vampiric Draining        Necr           #######...   1%          3    None
 Animate Dead             Necr           N/A          1%          4    None
 Force Lance              Conj/Tloc      #######.     1%          4    None
 Fulminant Prism          Conj/Hex       ######....   1%          4    None
 Iskenderun's Mystic Bla  Conj           #######.     1%          4    None
 Summon Lightning Spire   Summ/Air       ######..     1%          4    None
 Throw Icicle             Conj/Ice       ######..     1%          4    None
 Bolt of Magma            Conj/Fire/Erth #######...   1%          5    None
 Iskenderun's Battlesphe  Conj/Chrm      #######.     1%          5    None
 Lightning Bolt           Conj/Air       #######...   1%          5    None
 Summon Demon             Summ           #######...   1%          5    None
 Freeze                   Ice            ####         2%          1    None
 Sandblast                Erth           ####..       2%          1    None
 Slow                     Hex            #####...     2%          2    None
 Venom Bolt               Conj/Pois      ######....   2%          5    None
 Ensorcelled Hibernation  Hex/Ice        ####..       3%          2    None
 Passwall                 Tmut/Erth      ####....     3%          2    None
 Sticks to Snakes         Tmut           #####...     3%          2    None
 Portal Projectile        Hex/Tloc       #####.       3%          3    None
 Summon Ice Beast         Ice/Summ       ######..     3%          4    None
 Tukima's Dance           Hex            #####...     4%          3    None
 Borgnjor's Vile Clutch   Necr/Erth      ######....   4%          5    None
 Summon Forest            Summ/Tloc      ######....   4%          5    None
 Spider Form              Tmut/Pois      ####......   7%          3    None
 Summon Mana Viper        Hex/Summ       ######..     7%          5    None
 Silence                  Hex/Air        ######....   14%         5    None
 Cause Fear               Hex            #####.....   17%         4    None
 Ice Form                 Ice/Tmut       ####....     22%         4    None
 Leda's Liquefaction      Hex/Erth       ####......   22%         4    None
 Petrify                  Tmut/Erth      ####....     24%         4    None
 Olgreb's Toxic Radiance  Pois           ####....     26%         4    None
 Yara's Violent Unravell  Hex/Tmut       #####.....   45%         5    None
 Blade Hands              Tmut           #####.....   50%         5    None
 Metabolic Englaciation   Hex/Ice        ####......   50%         5    None
 Alistair's Intoxication  Tmut/Pois      ####....     54%         5    None
 Lee's Rapid Deconstruct  Erth           ####......   58%         5    None
 Death Channel            Necr           #######...   1%          6    None
 Conjure Ball Lightning   Conj/Air       #######...   3%          6    None
 Ring of Flames           Chrm/Fire      #######...   3%          7    ###....
 Shadow Creatures         Summ           N/A          6%          6    None
 Spellforged Servitor     Conj/Summ      #######...   11%         7    ###....
 Bolt of Cold             Conj/Ice       ######....   14%         6    None
 Iron Shot                Conj/Erth      ######....   16%         6    None
 Freezing Cloud           Conj/Ice/Air   ######....   17%         6    None
 Haunt                    Necr/Summ      #######...   17%         7    ###....
 Simulacrum               Ice/Necr       ######....   24%         6    None
 Summon Hydra             Summ           #######...   34%         7    ###....
 Dispersal                Tloc           ######....   69%         6    None
 Malign Gateway           Summ/Tloc      ######....   80%         7    ###....
 Darkness                 Hex            #####.....   95%         6    None
 Invisibility             Hex            #####...     95%         6    None
 Hydra Form               Tmut           #####.....   97%         6    None
 Ozocubu's Refrigeration  Ice            ####......   98%         6    None
 Statue Form              Tmut/Erth      ####.....    98%         6    None
 Dragon Form              Tmut           #####.....   100%        7    ###....
 Controlled Blink         Tloc           N/A          100%        8    #####..
 Discord                  Hex            #####.....   100%        8    #####..
 Disjunction              Tloc           ######....   100%        8    #####..
 Shatter                  Erth           ####......   100%        9    ######.
 Tornado                  Air            ######....   100%        9    ######.
 Passage of Golubria      Tloc           Unusable     N/A         4    N/A

Dungeon Overview and Level Annotations

Branches:
Dungeon (15/15)            Temple (1/1) D:6            Lair (6/6) D:10
 Shoals (4/4) Lair:4        Snake (4/4) Lair:3        Slime (5/5) Lair:6
    Orc (2/2) D:11            Elf (3/3) Orc:2        Vaults (5/5) D:14
  Crypt (3/3) Vaults:2       Tomb (0/3) Crypt:3      Depths (5/5) D:15
   Hell (1/1)                 Dis (0/7) Hell            Geh (0/7) Hell
    Coc (0/7) Hell            Tar (0/7) Hell            Zot (5/5) Depths:5

Altars:
Cheibriados
Gozag
Kikubaaqudgha
Makhleb
Nemelex Xobeh
Qazlal
Sif Muna
Trog
Uskayaw
Vehumet
Wu Jian
Xom
Yredelemnul
Zin
Beogh
Jiyva
Lugonu

Shops:
D:8 %%*   D:10 *   D:13 [   Orc:2 [*:(   Elf:1 [   Elf:2 *   Snake:1 ?
Snake:2 !   Snake:3 [   Vaults:4 [!   Depths:1 =}!

Portals:
Hell: Depths:1 Depths:2 Depths:3 Depths:4 Depths:5
Abyss: Depths:3 Depths:4
Pandemonium: Depths:3
Ziggurat: Depths:4

Annotations:
Depths:3 1 runed translucent door


Innate Abilities, Weirdness & Mutations

You have claws for feet.
Your flesh is heat resistant. (rF+)
Your demonic aura causes spilled blood to erupt in flames.
You resist negative energy. (rN+)
You are somewhat able to resist unholy torments (1 in 2 success).
When hurt, damage is shared between your health and your magic reserves.
You regenerate magic rapidly.
When low on magic, you restore magic in place of health.
Your melee attacks may debilitate your foes.
You are immune to clouds of flame.
Your movements are significantly less encumbered by armour. (ER -6)
You have a pair of antennae on your head.
You are robust. (+10% HP)
You are weak. (Str -2)


Message History

You block the sixfirhy's attack.
You barely miss the sixfirhy. You claw the sixfirhy!
The sixfirhy is moderately wounded.
You block the sixfirhy's attack. The sixfirhy barely misses you.
You puncture the sixfirhy! You claw the sixfirhy!
You kill the sixfirhy!
Qazlal accepts your kill.
(D) Dungeon (T) Temple (L) Lair (A) Shoals (P) Snake Pit (M) Slime Pits (O) Orcish Mines (E) Elven Halls (V) Vaults (C) Crypt (W) Tomb (U) Depths (H) Hell (I) Dis (G) Gehenna (X) Cocytus (Y) Tartarus (Z) Zot
Where to? (Enter - D:1 @ (x,y), ? - help)
You hear a roar!
There is an open door here.
You enter the shallow water.
Moving in this stuff is going to be slow.
You sense a monster nearby.
There is a staircase leading out of the dungeon here.
You have escaped!

#.##...# #.####### #.#.#'#######
#.##..... #...#.##.)..# #.##)###.
#...#≈##≈##.### #.#.).##.
##########..##≈≈≈#..'.###.#.#>##.
..........#.#≈#######.......#....
#########.####≈≈≈≈≈≈#####.#####..
########.#.##≈###≈#≈# #...#.>..
#.......###.#≈#≈@≈#≈#######[#.##.
#.######.#.##≈≈°○≈≈≈#{........##[
#.# ##.#.####°###############.
#.# #........# ###### #.#
###...#### #..... #.# ##.##
######.#### #.# #.# #..........
#.##########.## #.####.####
#.#...........# #.# #.#


There were no monsters in sight!

Vanquished Creatures
  the Royal Jelly (Slime:5)
  6 orbs of fire (Zot:5)
  7 ancient liches
  2 juggernauts (Depths:4)
  Boris (twice) (Vaults:3 Crypt:3)
  Bai Suzhen (Vaults:3)
  Frederick (Depths:4)
  Margery (Depths:1)
  4 Killer Klowns
  3 curse toes
  4 caustic shrikes
  11 golden dragons
  Geryon (Hell)
  Nikola (Vaults:1)
  A pandemonium lord (D:5)
  Jory (Depths:4)
  the Enchantress (Depths:5)
  A bone dragon (Depths:5)
  2 Brimstone Fiends
  7 electric golems
  2 liches
  2 Hell Sentinels
  9 tentacled monstrosities
  28 Orb Guardians
  Jorgrun (Shoals:3)
  4 titans
  The ghost of doot the Eclecticist, an adept DrWz of Sif Muna (Vaults:1)
  2 deep elf blademasters
  24 acid blobs
  2 deep elf master archers (Elf:3)
  6 quicksilver dragons
  2 large abominations
  13 death cobs
  3 krakens
  An eldritch tentacle (Vaults:4)
  Frances (Shoals:1)
  2 ancient champions
  6 sphinxes
  Agnes (Snake:4)
  The ghost of Imimil the Devastator, an adept DrCj of Vehumet (Snake:3)
  14 shadow dragons
  12 storm dragons
  4 tengu reavers
  2 draconian monks
  17 azure jellies
  7 nagarajas
  2 revenants
  8 fire giants
  24 vault wardens
  10 frost giants
  3 balrugs
  6 deep elf sorcerers
  3 draconian knights
  3 draconian scorchers
  A caustic shrike zombie (Depths:2)
  4 ghost moths
  4 orc warlords
  A draconian shifter (Zot:2)
  2 deep elf elementalists (Elf:3)
  4 cacodemons
  Aizul (Shoals:1)
  3 iron dragons
  3 ghouls
  8 ironheart preservers
  A curse skull (Crypt:3)
  A draconian stormcaller (Zot:1)
  21 stone giants
  28 very ugly things
  6 spriggan defenders
  An entropy weaver (Vaults:1)
  5 draconian annihilators
  7 reapers
  A blood saint (D:9)
  The ghost of Grendash the Protected, a journeyman DDFi of Makhleb (D:14)
  5 war gargoyles
  A corrupter (D:9)
  The ghost of Tommers the Unseen, an adept SpEn of Gozag (Shoals:2)
  Azrael (D:14)
  9 green draconians
  7 deep elf demonologists
  5 vampire knights
  A dire elephant (Lair:6)
  11 black draconians
  4 deep elf annihilators (Elf:3)
  2 minotaurs
  5 white draconians
  4 purple draconians
  5 red draconians
  2 lorocyprocas (Hell)
  6 yellow draconians
  8 ettins
  6 spark wasps
  6 merfolk javelineers
  13 merfolk impalers
  7 fire dragons
  2 eidola
  Snorg (D:9)
  A green death (Hell)
  13 death oozes
  11 great orbs of eyes
  8 deep elf death magi
  4 deep elf high priests
  9 jiangshi
  The ghost of Thomus the Severer, a journeyman MiBe of Trog (Lair:1)
  A kraken zombie (Hell)
  10 ice dragons
  10 hydras
  2 rakshasas
  18 yaktaur captains
  13 naga warriors
  46 vault guards
  11 centaur warriors
  A caustic shrike simulacrum (Depths:2)
  4 death knights
  4 catoblepae
  16 anacondas
  4 spriggan air magi
  Erica (D:10)
  8 merfolk avatars
  An alligator snapping turtle (Shoals:3)
  3 merfolk aquamancers
  47 two-headed ogres
  A tengu warrior (Depths:4)
  4 orc high priests
  13 ogre magi
  The ghost of Frank the Basher, a novice DgGl (D:9)
  2 satyrs (Shoals:3)
  21 dancing weapons
  11 death yaks (Lair:6)
  2 deep troll earth magi
  A queen ant (Gauntlet)
  8 hell hogs (Hell)
  5 deep troll shamans
  6 soul eaters
  A titan zombie (Crypt:3)
  10 vampire magi
  A thrashing horror (Gauntlet)
  A storm dragon zombie (Crypt:3)
  4 spriggan berserkers
  12 shock serpents
  14 naga sharpshooters
  3 sun demons
  2 iron golems (Depths:5)
  24 deep elf knights
  A fire crab (Lair:6)
  A titan skeleton (Crypt:1)
  3 iron trolls (Depths:5)
  19 hell knights
  8 sea snakes
  4 shadow wraiths
  A death drake (shapeshifter) (Vaults:5)
  11 skeletal warriors
  5 salamander mystics
  An unseen horror (shapeshifter) (Vaults:1)
  4 sixfirhies
  6 flayed ghosts
  18 deep trolls
  2 golden dragon zombies
  7 glowing orange brains
  5 naga ritualists
  An anaconda zombie (Hell)
  8 wizards
  20 phantasmal warriors
  2 lindwurms
  A shadow demon (Depths:1)
  3 unseen horrors
  A kraken simulacrum (Shoals:4)
  28 harpies
  A shadow dragon zombie (Hell)
  An anaconda skeleton (Hell)
  A golden dragon skeleton (Crypt:3)
  11 necromancers
  19 orc knights
  A mana viper (shapeshifter) (Vaults:5)
  6 mana vipers
  2 wolf spider zombies
  9 ironbrand convokers
  A frost giant zombie (Depths:3)
  10 deep elf archers
  56 deep elf magi
  2 wolf spiders (Vaults:4)
  2 tengu skeletons
  14 oklob plants
  13 orc sorcerers
  2 shining eyes
  13 manticores
  8 fauns
  A fire giant zombie (Hell)
  33 ugly things
  12 salamanders
  3 cyclopes
  A wolf spider (shapeshifter) (Vaults:3)
  2 iron dragon skeletons (Crypt:1)
  Maurice (D:11)
  A black mamba (shapeshifter) (Depths:3)
  11 guardian serpents
  2 stone giant skeletons
  19 moths of wrath
  A frost giant skeleton (Depths:2)
  A dire elephant zombie (Hell)
  27 naga magi
  3 merfolk sirens
  A shock serpent zombie (Hell)
  12 spiny frogs
  9 elephants
  A torpor snail (Lair:6)
  5 gargoyles
  11 rust devils
  A water nymph (Shoals:4)
  An eye of devastation (Slime:4)
  55 black mambas
  An ice statue (Hell)
  14 vault sentinels
  A dire elephant skeleton (Hell)
  5 orange demons
  A purple draconian zombie (Crypt:2)
  5 smoke demons
  45 yaktaurs
  A rime drake (shapeshifter) (D:14)
  11 freezing wraiths
  3 yaktaurs (shapeshifter)
  A rime drake (Lair:3)
  A catoblepas zombie (Crypt:3)
  An emperor scorpion zombie (Hell)
  5 komodo dragons
  An efreet (D:13)
  An alligator snapping turtle skeleton (Crypt:1)
  A golden dragon simulacrum (Depths:3)
  A ghost moth simulacrum (Hell)
  A harpy zombie (Hell)
  9 red devils
  11 polar bears
  2 jumping spiders (Vaults:4)
  18 merfolk
  3 meliai (Shoals:3)
  2 queen bees (shapeshifter)
  5 hornets
  A harpy skeleton (Crypt:1)
  5 hydra zombies (Hell)
  11 trolls
  A blink frog (shapeshifter) (Vaults:2)
  A bog body (Crypt:1)
  5 wind drakes
  2 fire dragon zombies
  A meliai zombie (D:15)
  3 raiju
  20 hippogriffs
  A guardian serpent zombie (Crypt:1)
  3 dream sheep (Lair:6)
  A human simulacrum (Vaults:1)
  54 slime creatures
  13 blink frogs
  9 snapping turtles
  A hippogriff (shapeshifter) (Vaults:5)
  2 alligator zombies (Hell)
  3 ettin zombies
  A hydra skeleton (Hell)
  3 frost giant simulacra
  3 air elementals
  A spriggan simulacrum (Depths:2)
  2 fire dragon skeletons
  7 shadows
  Sigmund (D:2)
  7 vampires
  25 water elementals
  An ice dragon skeleton (Hell)
  4 spriggans
  2 basilisks
  11 wraiths
  A dire elephant simulacrum (Hell)
  46 yaks
  3 wyverns
  2 elf zombies
  3 steam dragons
  13 fire elementals
  Grum (D:10)
  3 neqoxecs (D:14)
  4 hogs
  A human (D:11)
  18 golden eyes
  A yak (shapeshifter) (Depths:3)
  An emperor scorpion simulacrum (Crypt:2)
  3 hungry ghosts
  10 vampire mosquitoes
  Menkaure (D:7)
  A warg (shapeshifter) (Vaults:5)
  65 nagas
  An insubstantial wisp (Vaults:4)
  17 wargs
  3 soldier ants (Gauntlet)
  A soldier ant (shapeshifter) (Elf:1)
  2 spatial vortices (Vaults:4)
  A glowing shapeshifter zombie (Crypt:1)
  A naga (shapeshifter) (D:13)
  21 water moccasins
  2 acid dragons
  A water moccasin (shapeshifter) (Vaults:5)
  An infernal demonspawn skeleton (Crypt:2)
  Duvessa (D:6)
  22 hell hounds
  7 porcupines
  7 hydra simulacra
  A porcupine (shapeshifter) (D:14)
  A swamp drake (D:5)
  7 ice beasts
  A spiny frog skeleton (Hell)
  3 phantoms
  57 orc warriors
  A sky beast (shapeshifter) (Vaults:5)
  3 snapping turtle zombies
  An ettin simulacrum (Vaults:1)
  5 sky beasts
  A swamp dragon zombie (Crypt:3)
  5 eyes of draining
  A manticore zombie (Crypt:2)
  11 black bears (Lair:6)
  A black bear (shapeshifter) (Depths:4)
  47 ogres
  6 necrophages
  A wolf (shapeshifter) (D:14)
  33 wolves
  20 centaurs
  2 tengu (shapeshifter) (D:14)
  14 crocodiles
  2 manticore skeletons
  A torpor snail zombie (Crypt:2)
  3 big kobolds
  Blork the orc (D:5)
  4 small abominations (Gauntlet)
  17 bullfrogs
  A gnoll sergeant (D:8)
  Dowan (D:6)
  2 deep troll simulacra (Vaults:1)
  4 earth elementals
  A wyvern skeleton (D:13)
  A scorpion (shapeshifter) (Vaults:2)
  3 scorpions
  A queen bee zombie (Crypt:1)
  4 wights (D:14)
  11 killer bees
  2 howler monkeys
  A wolf zombie (Crypt:1)
  9 crimson imps
  A bullfrog zombie (D:12)
  5 centaur zombies
  A quasit (D:5)
  A water moccasin simulacrum (D:9)
  6 hounds
  18 orc priests
  A jelly (shapeshifter) (Depths:1)
  5 centaur skeletons
  Crazy Yiuf (D:1)
  6 bullfrog skeletons
  23 orc wizards
  Jessica (D:1)
  3 iguanas
  8 worker ants
  4 hell rats (Hell)
  A naga zombie (Crypt:1)
  A bullfrog simulacrum (D:9)
  2 hound skeletons
  A howler monkey zombie (D:5)
  3 worker ant zombies
  An adder (shapeshifter) (D:14)
  14 adders
  5 gnolls (D:8)
  7 shadow imps
  A worker ant simulacrum (D:9)
  3 oozes
  3 adder skeletons
  4 worms
  4 dart slugs
  5 leopard geckos
  84 orcs
  9 giant cockroaches
  9 goblins
  8 hobgoblins
  10 jackals
  17 kobolds
  3 quokkas
  10 bats
  6 frilled lizards
  2 gnoll zombies (D:3)
  A kobold zombie (Hell)
  A quokka skeleton (D:5)
  A rat (shapeshifter) (D:14)
  8 rats
  10 bushes (Zot:2)
  A crawling corpse (Vaults:5)
  A fire vortex (Depths:5)
  11 fungi
  9 plants
  12 tentacles
2702 creatures vanquished.

Vanquished Creatures (others)
  A black draconian (Zot:1)
  A fire dragon (Depths:5)
  A torturous demonspawn (D:9)
  A shadow dragon zombie (Depths:3)
  A deep elf mage (Elf:1)
  A raiju (Lair:6)
  A wraith (D:14)
  A basilisk (shapeshifter) (Vaults:5)
  A spatial vortex (Depths:4)
  An orc wizard (Vaults:4)
  A hell rat (Hell)
  2 jackals (D:7)
  2 bushes (Zot:2)
  2 fire vortices
  32 fungi
  41 plants
  37 tentacles
  12 withered plants
139 creatures vanquished.

Grand Total: 2841 creatures vanquished

Notes
Turn   | Place    | Note
-------+----------+-------------------------------------------
     0 | D:1      | dvd the Demonspawn Fire Elementalist began the quest for
                  | the Orb.
     0 | D:1      | Reached XP level 1. HP: 13/13 MP: 3/3
   348 | D:1      | Reached skill level 3 in Fire Magic
   430 | D:1      | Gained mutation: When hurt, damage is shared between your
                  | health and your magic reserves. [demonic ancestry]
   430 | D:1      | Reached XP level 2. HP: 16/19 MP: 1/5
   505 | D:1      | Learned a level 2 spell: Throw Flame
  1142 | D:2      | Gained mutation: Your movements are slightly less
                  | encumbered by armour. (ER -2) [demonic ancestry]
  1142 | D:2      | Reached XP level 3. HP: 25/25 MP: 3/6
  1145 | D:2      | Noticed Jessica
  1211 | D:1      | Killed Jessica
  1303 | D:2      | Found a bloodstained altar of Trog.
  1304 | D:2      | Found a burning altar of Makhleb.
  1305 | D:2      | Found a sparkling altar of Nemelex Xobeh.
  1306 | D:2      | Found a snail-covered altar of Cheibriados.
  1306 | D:2      | Found an ornate altar of the Wu Jian Council.
  1306 | D:2      | Found a stormy altar of Qazlal.
  1307 | D:2      | Found an opulent altar of Gozag.
  1350 | D:2      | Became a worshipper of Qazlal Stormbringer
  1373 | D:2      | Noticed Sigmund
  1549 | D:2      | Gained mutation: You have sharp toenails. [demonic
                  | ancestry]
  1549 | D:2      | Reached XP level 4. HP: 31/31 MP: 4/7
  1567 | D:2      | Found a runed translucent door.
  1568 | D:2      | Noticed Crazy Yiuf
  2052 | D:1      | Killed Crazy Yiuf
  2328 | D:3      | Reached skill level 1 in Axes
  2328 | D:3      | Reached XP level 5. HP: 35/36 MP: 3/9
  2339 | D:3      | Learned a level 3 spell: Conjure Flame
  2790 | D:3      | Reached * piety under Qazlal
  3055 | D:3      | Found a basalt altar of Yredelemnul.
  3185 | D:3      | Reached skill level 1 in Maces & Flails
  3295 | D:4      | Noticed an ogre
  3424 | D:2      | Reached skill level 1 in Fighting
  3533 | D:2      | Gained mutation: Your flesh is heat resistant. (rF+)
                  | [demonic ancestry]
  3533 | D:2      | Reached XP level 6. HP: 40/43 MP: 3/10
  3659 | D:2      | Killed Sigmund
  3659 | D:2      | Reached skill level 1 in Shields
  4209 | D:4      | Reached skill level 4 in Fire Magic
  4209 | D:4      | Gained mutation: Your movements are less encumbered by
                  | armour. (ER -4) [demonic ancestry]
  4209 | D:4      | Reached XP level 7. HP: 48/48 MP: 2/12
  4817 | D:4      | Learned a level 4 spell: Sticky Flame
  4875 | D:5      | Entered Level 5 of the Dungeon
  4943 | D:5      | Reached ** piety under Qazlal
  4951 | D:5      | Noticed Blork the orc
  5116 | D:5      | Reached skill level 1 in Armour
  5174 | D:5      | Killed Blork the orc
  5174 | D:5      | Reached XP level 8. HP: 47/54 MP: 1/15
  5349 | D:5      | Noticed a hippogriff
  5702 | D:5      | Noticed a lindwurm
  5702 | D:5      | a hippogriff changed into a lindwurm
  5818 | D:5      | Reached skill level 5 in Spellcasting
  5926 | D:5      | Reached skill level 5 in Fire Magic
  6122 | D:5      | Found a shimmering altar of Xom.
  6546 | D:6      | Noticed Duvessa
  6546 | D:6      | Noticed Dowan
  6578 | D:6      | Killed Duvessa
  6660 | D:6      | Killed Dowan
  6966 | D:6      | Found a staircase to the Ecumenical Temple.
  7045 | D:6      | Found a radiant altar of Vehumet.
  7068 | D:6      | Learned a level 3 spell: Regeneration
  7274 | D:6      | Learned a level 2 spell: Blink
  7287 | D:6      | Reached XP level 9. HP: 61/61 MP: 13/17
  7438 | D:6      | Got a crystal dagger
  8015 | D:7      | Reached *** piety under Qazlal
  8237 | D:7      | Noticed Menkaure
  8253 | D:7      | Reached skill level 5 in Conjurations
  8253 | D:7      | Reached skill level 1 in Evocations
  8272 | D:7      | Killed Menkaure
  8624 | D:7      | Reached skill level 6 in Fire Magic
  8634 | D:7      | Learned a level 5 spell: Fireball
  8987 | D:5      | Killed a lindwurm
  8987 | D:5      | Reached skill level 1 in Invocations
  9333 | Temple   | Entered the Ecumenical Temple
  9669 | D:8      | Found Wycitruqa's Assorted Antiques.
  9780 | D:8      | Found Hychan's Food Boutique.
  9920 | D:8      | Reached XP level 10. HP: 66/67 MP: 6/19
 10162 | D:8      | Found Koll's Food Shoppe.
 10339 | D:9      | Found a runed translucent gate.
 10339 | D:9      | Found a runed translucent gate.
 10339 | D:9      | Found a runed translucent gate.
 10463 | D:9      | Noticed a two-headed ogre
 10467 | D:9      | Killed a two-headed ogre
 10467 | D:9      | Reached skill level 1 in Polearms
 10860 | D:9      | Noticed a centaur warrior
 10869 | D:9      | Killed a centaur warrior
 11037 | D:9      | Reached skill level 7 in Fire Magic
 11334 | D:9      | Noticed Frank's ghost (novice DgGl)
 11355 | D:10     | Entered Level 10 of the Dungeon
 11355 | D:10     | Found a staircase to the Lair.
 11358 | D:10     | Reached **** piety under Qazlal
 11548 | D:10     | Noticed Grum
 11733 | D:10     | Killed Grum
 11741 | D:10     | Noticed Snorg
 11965 | D:10     | Noticed a brown ugly thing
 12103 | D:9      | Gained mutation: Armour fits poorly on your strangely
                  | shaped body. [potion of mutation]
 12103 | D:9      | Gained mutation: You have a pair of small antennae on your
                  | head. [potion of mutation]
 12103 | D:9      | Gained mutation: You expend magic power (3 MP) to
                  | strengthen your wands. [potion of mutation]
 12104 | D:9      | Lost mutation: Armour fits poorly on your strangely shaped
                  | body. [potion of mutation]
 12104 | D:9      | Lost mutation: You expend magic power (3 MP) to strengthen
                  | your wands. [potion of mutation]
 12104 | D:9      | Gained mutation: You have a pair of antennae on your head.
                  | [potion of mutation]
 12104 | D:9      | Gained mutation: You are robust. (+10% HP) [potion of
                  | mutation]
 12141 | D:10     | Killed a brown ugly thing
 12141 | D:10     | Reached XP level 11. HP: 71/81 MP: 8/21
 12261 | D:10     | Noticed Erica
 12268 | D:10     | Killed Erica
 12268 | D:10     | Reached skill level 5 in Polearms
 12295 | D:10     | Found Kigudiag's Assorted Antiques.
 12509 | D:10     | Reached ***** piety under Qazlal
 12756 | Lair:1   | Entered Level 1 of the Lair of Beasts
 13166 | Lair:1   | Noticed Thomus's ghost (journeyman MiBe)
 13169 | Lair:1   | Found a runed translucent door.
 14102 | Lair:2   | Noticed a seven-headed hydra
 14189 | Lair:2   | Noticed an eight-headed hydra
 14210 | Lair:2   | Killed an eight-headed hydra
 14210 | Lair:2   | Reached skill level 5 in Shields
 14362 | Lair:2   | Noticed a catoblepas
 14374 | Lair:2   | Killed a catoblepas
 14412 | Lair:2   | Reached XP level 12. HP: 78/91 MP: 7/24
 14423 | Lair:2   | Noticed a six-headed hydra
 14667 | Lair:2   | Killed a seven-headed hydra
 14667 | Lair:2   | Reached skill level 8 in Fire Magic
 14817 | Lair:2   | Killed a six-headed hydra
 14817 | Lair:2   | Reached skill level 5 in Invocations
 15207 | Lair:2   | Reached skill level 5 in Dodging
 15864 | Lair:3   | Found a gate leading to a gauntlet.
 15879 | Gauntlet | Entered a Gauntlet
 15879 | Gauntlet | Found a transporter.
 15879 | Gauntlet | Found a transporter.
 15879 | Gauntlet | Found a transporter.
 15879 | Gauntlet | Noticed a queen ant
 15879 | Gauntlet | Noticed a death scarab
 15890 | Gauntlet | Found a transporter.
 15892 | Gauntlet | Found a transporter.
 15900 | Gauntlet | Found a transporter.
 15903 | Gauntlet | Found a transporter.
 15911 | Gauntlet | Found a transporter.
 15929 | Gauntlet | Found a transporter.
 15935 | Gauntlet | Found a transporter.
 15937 | Gauntlet | Found a transporter.
 15993 | Gauntlet | Found a transporter.
 16062 | Gauntlet | Killed a queen ant
 16216 | Gauntlet | Identified a scroll of acquirement
 16216 | Gauntlet | Identified the Tome of Venom and Displacement (You acquired
                  | it in a Gauntlet)
 16609 | Gauntlet | Noticed a minotaur
 16623 | Gauntlet | Killed a minotaur
 16638 | Gauntlet | Identified the Almanac of Dark Rituals
 16715 | Lair:3   | Got a slimy buckler
 16716 | Lair:3   | Identified the cursed +0 buckler of the Thirsty Blessings
                  | {MR+++ Dex-2 SInv Stlth+} (You found it on level 3 of the
                  | Lair of Beasts)
 17069 | Lair:3   | Found a staircase to the Snake Pit.
 17796 | Lair:4   | Noticed a five-headed hydra
 17864 | Lair:4   | Killed a five-headed hydra
 17982 | Lair:4   | Gained mutation: You have razor-sharp toenails. [demonic
                  | ancestry]
 17982 | Lair:4   | Reached XP level 13. HP: 84/97 MP: 17/25
 18140 | Lair:4   | Found a staircase to the Shoals.
 18478 | Lair:4   | Learned a level 1 spell: Magic Dart
 18482 | Lair:4   | Learned a level 3 spell: Vampiric Draining
 18485 | Lair:4   | Learned a level 2 spell: Shroud of Golubria
 18488 | Lair:4   | Learned a level 2 spell: Sublimation of Blood
 18625 | Lair:5   | Got a fine tin ring
 19051 | Lair:5   | Reached skill level 1 in Necromancy
 19683 | Lair:5   | You fall through a shaft!
 19683 | Lair:6   | Entered Level 6 of the Lair of Beasts
 20001 | Lair:5   | Got a transparent chain mail
 20002 | Lair:5   | Identified the cursed +0 chain mail "Giwintan" {rC+ Int+6
                  | SInv} (You found it on level 5 of the Lair of Beasts)
 20033 | Lair:5   | Identified the ring of Rit Lati {MP+9 Int+2} (You found it
                  | on level 5 of the Lair of Beasts)
 20779 | Lair:6   | Reached skill level 1 in Translocations
 20807 | Lair:6   | Reached ****** piety under Qazlal
 21275 | Lair:6   | Reached skill level 1 in Charms
 21288 | Lair:6   | Reached skill level 5 in Fighting
 21734 | Lair:6   | Reached skill level 9 in Fire Magic
 21842 | Lair:6   | Gained mutation: You regenerate magic rapidly. [demonic
                  | ancestry]
 21842 | Lair:6   | Reached XP level 14. HP: 107/107 MP: 23/27
 22318 | Lair:6   | Found a viscous altar of Jiyva.
 22319 | Lair:6   | Found a staircase to the Slime Pits.
 22790 | Lair:6   | Reached skill level 10 in Spellcasting
 22911 | Lair:6   | Reached skill level 5 in Armour
 23043 | Lair:6   | Got an ancient bardiche
 23044 | Lair:6   | Identified the +9 bardiche of Cheibriados {chop, Int+4}
                  | (You found it on level 6 of the Lair of Beasts)
 23275 | D:9      | Killed Frank's ghost
 23366 | D:9      | Killed Snorg
 23469 | Lair:1   | Killed Thomus's ghost
 23628 | D:11     | Found a flickering gateway to a bazaar.
 23639 | Bazaar   | Entered a bazaar
 23639 | Bazaar   | Found Ofyidel's Weapon Boutique.
 23639 | Bazaar   | Found Buil Syfry's Weapon Shop.
 23639 | Bazaar   | Found Cack's Antique Armour Shop.
 23655 | Bazaar   | Bought a shimmering helmet for 228 gold pieces
 23663 | D:11     | Identified the cursed -4 helmet of the Bull {*Drain rElec
                  | rCorr Str+3} (You bought it in a shop in a bazaar)
 23747 | D:11     | Noticed Maurice
 23760 | D:11     | Killed Maurice
 23823 | D:11     | Found a staircase to the Orcish Mines.
 23825 | D:11     | Got a steaming cloak
 23847 | D:11     | Identified the cursed -2 cloak "Wistrio" {rElec rCorr} (You
                  | found it on level 11 of the Dungeon)
 24463 | D:12     | Reached skill level 10 in Polearms
 24980 | D:12     | You fall through a shaft!
 25365 | Orc:1    | Entered Level 1 of the Orcish Mines
 25526 | Orc:1    | Found a roughly hewn altar of Beogh.
 25682 | Orc:2    | Entered Level 2 of the Orcish Mines
 25686 | Orc:2    | Noticed an orc warlord
 25690 | Orc:2    | Noticed an orc warlord
 25694 | Orc:2    | Gained mutation: You have claws for feet. [demonic
                  | ancestry]
 25694 | Orc:2    | Reached XP level 15. HP: 115/115 MP: 27/29
 25816 | Orc:2    | Noticed an orc warlord
 26022 | Orc:2    | Reached skill level 5 in Necromancy
 26153 | Orc:2    | Reached skill level 10 in Conjurations
 26471 | Orc:2    | Killed an orc warlord
 26472 | Orc:2    | Killed an orc warlord
 26568 | Orc:1    | Killed an orc warlord
 26741 | Orc:2    | Found Riusuj's General Store.
 26769 | Orc:2    | Found Lacsed's Antique Weapon Shoppe.
 26885 | Orc:2    | Found Sesooray's Antique Armour Shop.
 26893 | Orc:2    | Bought a warped chain mail for 266 gold pieces
 26903 | Orc:2    | Identified the +6 chain mail "Yquana Esatt" {rC+ Dex+4}
                  | (You bought it in a shop on level 2 of the Orcish Mines)
 26954 | Orc:2    | Found Jaddestru's Book Emporium.
 26995 | Orc:2    | Reached skill level 10 in Fire Magic
 27015 | Orc:2    | Noticed an orc warlord
 27037 | Orc:2    | Killed an orc warlord
 27044 | Orc:2    | Got a transparent chain mail
 27055 | Orc:2    | Identified the +5 chain mail of Oplycwal {rC+++ Str+7 Int-4
                  | Stlth-} (You found it on level 2 of the Orcish Mines)
 27070 | Orc:2    | Found a staircase to the Elven Halls.
 28127 | D:13     | Found Cem Atel's Armour Shoppe.
 28588 | D:14     | Noticed Azrael
 28873 | D:14     | Killed Azrael
 28918 | D:14     | Found a gate to the Vaults.
 28953 | D:14     | Found a runed translucent gate.
 28953 | D:14     | Found a runed translucent gate.
 28953 | D:14     | Found a runed translucent gate.
 29596 | D:14     | Reached skill level 10 in Invocations
 29596 | D:14     | Gained mutation: You are immune to clouds of flame.
                  | [demonic ancestry]
 29596 | D:14     | Reached XP level 16. HP: 112/124 MP: 31/31
 29637 | D:14     | Found a runed translucent gate.
 29637 | D:14     | Found a runed translucent gate.
 29637 | D:14     | Noticed Grendash's ghost (journeyman DDFi)
 29642 | D:14     | Found a runed translucent gate.
 29830 | D:14     | Killed Grendash's ghost
 29895 | D:14     | Identified the +1 pair of boots of the Slightly Bent {-Cast
                  | rN+ Str+2 Slay+3} (You found it on level 14 of the Dungeon)
 29961 | D:15     | Entered Level 15 of the Dungeon
 30358 | D:15     | Found a staircase to the Depths.
 30620 | Snake:1  | Entered Level 1 of the Snake Pit
 31550 | Snake:1  | Found Yseleck's Magic Scroll Boutique.
 31554 | Snake:1  | Bought a scroll of acquirement for 676 gold pieces
 31555 | Snake:1  | Found the +0 mask of the Dragon {MR+ Slay+3 SInv}
 32327 | Snake:2  | Found Zicud's Distillery.
 33545 | Snake:2  | Learned a level 4 spell: Throw Icicle
 33760 | Snake:3  | Reached XP level 17. HP: 95/132 MP: 0/32
 33859 | Snake:3  | Found Coggaugi's Armour Boutique.
 33939 | Snake:3  | Found a runed translucent door.
 34130 | Snake:3  | Reached skill level 11 in Fire Magic
 34370 | Snake:3  | Got a twitching pewter amulet
 34371 | Snake:3  | Identified the amulet of Amorality {Inacc rPois rC- Str+3
                  | Dex+3} (You found it on level 3 of the Snake Pit)
 34560 | Snake:3  | Noticed Imimil's ghost (adept DrCj)
 35010 | Snake:3  | Killed Imimil's ghost
 35010 | Snake:3  | Reached skill level 10 in Necromancy
 35042 | Snake:4  | Entered Level 4 of the Snake Pit
 35082 | Snake:4  | Noticed Agnes
 35091 | Snake:4  | Killed Agnes
 36363 | Snake:4  | Reached XP level 18. HP: 128/139 MP: 34/34
 36489 | Snake:4  | Learned a level 5 spell: Aura of Abjuration
 36779 | Snake:4  | Reached skill level 10 in Shields
 36791 | Snake:4  | Reached skill level 1 in Summonings
 37062 | Snake:4  | Got a serpentine rune of Zot
 37464 | Shoals:1 | Entered Level 1 of the Shoals
 37464 | Shoals:1 | Noticed Aizul
 37464 | Shoals:1 | Noticed Frances
 37480 | Shoals:1 | Killed Frances
 38083 | Shoals:1 | Reached skill level 12 in Fire Magic
 38434 | Shoals:1 | Killed Aizul
 38807 | Shoals:2 | Found a transporter.
 38820 | Shoals:2 | Found a transporter.
 38822 | Shoals:2 | Noticed Tommers's ghost (adept SpEn)
 38857 | Shoals:2 | Killed Tommers's ghost
 38891 | Shoals:2 | Got an ancient hat
 38892 | Shoals:2 | Identified the +2 hat of Ecurhom {rN+} (You found it on
                  | level 2 of the Shoals)
 39259 | Shoals:3 | Noticed Jorgrun
 39267 | Shoals:3 | Killed Jorgrun
 40176 | Shoals:3 | Found a hide-covered altar of Uskayaw.
 40330 | Shoals:3 | Learned a level 3 spell: Inner Flame
 40655 | Shoals:4 | Entered Level 4 of the Shoals
 40673 | Shoals:4 | Reached skill level 5 in Summonings
 40811 | Shoals:4 | Gained mutation: Your movements are significantly less
                  | encumbered by armour. (ER -6) [demonic ancestry]
 40811 | Shoals:4 | Reached XP level 19. HP: 136/147 MP: 19/35
 41602 | Shoals:4 | Identified the amulet "Weutihoc" {Harm *Drain rElec}
 41651 | Shoals:4 | Found a radiant altar of Vehumet.
 41998 | Shoals:4 | Got a heavily runed ring mail
 42009 | Shoals:4 | Identified the cursed +1 ring mail "Oboroiz" {rN+ MR++}
                  | (You found it on level 4 of the Shoals)
 42106 | Shoals:4 | Got a barnacled rune of Zot
 42447 | Elf:1    | Entered Level 1 of the Elven Halls
 42543 | Elf:1    | Found Axtu's Armour Emporium.
 43461 | Elf:1    | You fall through a shaft!
 43605 | Elf:2    | Found Githag's General Store.
 43678 | Elf:2    | Found a runed translucent gate.
 43798 | Elf:2    | Found a runed translucent gate.
 43807 | Elf:2    | Found a runed translucent gate.
 44726 | Vaults:1 | Entered Level 1 of the Vaults
 44819 | Vaults:1 | Reached skill level 13 in Fire Magic
 44950 | Vaults:1 | Reached skill level 1 in Hexes
 46010 | Vaults:1 | Reached XP level 20. HP: 130/157 MP: 13/37
 46467 | Vaults:1 | Found a large runed translucent door.
 46467 | Vaults:1 | Found a large runed translucent door.
 46467 | Vaults:1 | Found a large runed translucent door.
 46467 | Vaults:1 | Found a large runed translucent door.
 46467 | Vaults:1 | Noticed doot's ghost (adept DrWz)
 46468 | Vaults:1 | Found a large runed translucent door.
 46468 | Vaults:1 | Found a large runed translucent door.
 46468 | Vaults:1 | Found a large runed translucent door.
 46468 | Vaults:1 | Found a large runed translucent door.
 46468 | Vaults:1 | Identified the +10 falchion of Linearity {slice, +Rage rC+}
 46534 | Vaults:1 | Noticed Nikola
 46544 | Vaults:1 | Killed Nikola
 47026 | Orc:2    | Bought a scroll of teleportation for 45 gold pieces
 47026 | Orc:2    | Bought a scroll of amnesia for 52 gold pieces
 47026 | Orc:2    | Bought a potion of curing for 45 gold pieces
 47201 | Snake:1  | Bought a scroll of enchant armour for 97 gold pieces
 47201 | Snake:1  | Bought a scroll of teleportation for 39 gold pieces
 47826 | Elf:3    | Entered Level 3 of the Elven Halls
 48493 | Elf:3    | Identified the ring of Incredulity {*Slow Str+2 Slay+6
                  | SInv}
 48719 | Elf:3    | Identified the +11 long sword "Reil" {slice, *Slow rPois
                  | rN+}
 48882 | Elf:3    | Reached skill level 5 in Charms
 49054 | Elf:3    | Identified the cursed +3 quarterstaff "Undertaker" {freeze,
                  | rElec rC+ MR- Int+2}
 49145 | Elf:3    | Identified the +3 scale mail of the Desert {-Tele MR+ Str+9
                  | Int-5} (You found it on level 3 of the Elven Halls)
 49248 | Elf:3    | Identified the Tome of the Volcanoes and Arcane Weapons
 49261 | Elf:3    | Learned a level 5 spell: Bolt of Draining
 49263 | Elf:3    | Got a crude ring mail
 49264 | Elf:3    | Identified the cursed +0 ring mail of Zieziwkom {Stlth+}
                  | (You found it on level 3 of the Elven Halls)
 49987 | Vaults:1 | Killed doot's ghost
 50203 | Vaults:2 | Gained mutation: Your demonic aura causes spilled blood to
                  | erupt in flames. [demonic ancestry]
 50203 | Vaults:2 | Reached XP level 21. HP: 123/165 MP: 25/39
 50608 | Vaults:2 | Reached skill level 10 in Summonings
 50608 | Vaults:2 | Reached skill level 14 in Fire Magic
 50885 | Vaults:2 | Found a sparkling altar of Nemelex Xobeh.
 51334 | Vaults:2 | Found a staircase to the Crypt.
 51334 | Vaults:2 | Found a basalt altar of Yredelemnul.
 51335 | Vaults:2 | Found an ancient bone altar of Kikubaaqudgha.
 51339 | Vaults:2 | Identified the +0 cloak "Unaemor" {rF+} (You found it on
                  | level 2 of the Vaults)
 51686 | Vaults:3 | Found Oriettiz's Antique Armour Boutique.
 52064 | Vaults:3 | Noticed Boris
 52082 | Vaults:3 | Killed Boris
 52181 | Vaults:3 | Learned a level 7 spell: Orb of Destruction
 53169 | Vaults:4 | Reached skill level 10 in Fighting
 53217 | Vaults:4 | Found Batynledi's Antique Armour Shoppe.
 53224 | Vaults:4 | Bought the -2 hat of the Alchemist {rElec rPois rF+ rC+ rN+
                  | MR+ rMut rCorr} for 1982 gold pieces
 53224 | Vaults:4 | Found the -2 hat of the Alchemist {rElec rPois rF+ rC+ rN+
                  | MR+ rMut rCorr}
 53243 | Vaults:4 | Found Zyfe's Distillery.
 53251 | Vaults:4 | Bought 2 potions of might for 136 gold pieces
 53251 | Vaults:4 | Bought a potion of curing for 51 gold pieces
 53251 | Vaults:4 | Bought a potion of haste for 170 gold pieces
 53251 | Vaults:4 | Bought a potion of heal wounds for 85 gold pieces
 53251 | Vaults:4 | Bought a potion of heal wounds for 85 gold pieces
 53251 | Vaults:4 | Bought a potion of might for 68 gold pieces
 53251 | Vaults:4 | Bought a potion of heal wounds for 85 gold pieces
 53251 | Vaults:4 | Bought a potion of agility for 68 gold pieces
 53864 | Vaults:4 | Identified the Tome of the Voyage
 54123 | Depths:1 | Entered Level 1 of the Depths
 54157 | Depths:1 | Found Deiqedei's Gadget Emporium.
 54205 | Depths:1 | Gained mutation: You resist negative energy. (rN+) [demonic
                  | ancestry]
 54205 | Depths:1 | Reached XP level 22. HP: 138/176 MP: 28/40
 54213 | Depths:1 | Noticed Margery
 54236 | Depths:1 | Killed Margery
 54302 | Depths:1 | Found Wucrod's Jewellery Shoppe.
 54351 | Depths:1 | Found Zayxionu's Distillery.
 54354 | Depths:1 | Bought a potion of curing for 54 gold pieces
 54354 | Depths:1 | Bought a potion of haste for 180 gold pieces
 54354 | Depths:1 | Bought a potion of curing for 54 gold pieces
 54354 | Depths:1 | Bought a potion of haste for 180 gold pieces
 54354 | Depths:1 | Bought a potion of curing for 54 gold pieces
 54354 | Depths:1 | Bought a potion of mutation for 144 gold pieces
 54354 | Depths:1 | Bought a potion of agility for 72 gold pieces
 54367 | Depths:1 | Found a gateway to Hell.
 54417 | Depths:1 | Reached skill level 10 in Armour
 55846 | Depths:3 | Found a one-way gate to the infinite horrors of the Abyss.
 56078 | Depths:3 | Found a runed translucent door.
 56078 | Depths:3 | Noticed a golden dragon
 56080 | Depths:3 | Identified the ring "Xeisodof" {rPois rN+ Dex+3}
 56080 | Depths:3 | Noticed a juggernaut
 56315 | Depths:3 | Found a one-way gate leading to the halls of Pandemonium.
 56840 | Depths:4 | Found a gateway to a ziggurat.
 56888 | Depths:4 | Found a corrupted altar of Lugonu.
 56893 | Depths:4 | Noticed a juggernaut
 56911 | Depths:4 | Killed a juggernaut
 57136 | Depths:4 | Noticed Frederick
 57150 | Depths:4 | Killed Frederick
 57150 | Depths:4 | Gained mutation: You are somewhat able to resist unholy
                  | torments (1 in 2 success). [demonic ancestry]
 57150 | Depths:4 | Reached XP level 23. HP: 184/187 MP: 41/41
 57990 | Crypt:1  | Entered Level 1 of the Crypt
 59095 | Crypt:2  | Reached skill level 15 in Spellcasting
 59833 | Crypt:3  | Entered Level 3 of the Crypt
 60124 | Crypt:3  | Noticed Boris
 60166 | Crypt:3  | Killed Boris
 60174 | Crypt:3  | Identified the Handbook of Black Arts
 60769 | Crypt:3  | Got a polished hand axe
 60770 | Crypt:3  | Identified the +4 hand axe of Greed {chop, Fragile rF-
                  | Dex+7} (You found it on level 3 of the Crypt)
 60847 | Crypt:3  | Found a staircase to the Tomb.
 60848 | Crypt:3  | Noticed an ancient lich
 60866 | Crypt:3  | Killed an ancient lich
 60912 | Crypt:3  | Learned a level 3 spell: Dazzling Spray
 61092 | Crypt:3  | Got an encrusted rapier
 61093 | Crypt:3  | Identified the +4 rapier of Sudden Death {elec, Int+5} (You
                  | found it on level 3 of the Crypt)
 61220 | Crypt:3  | Found an ancient bone altar of Kikubaaqudgha.
 61225 | Crypt:3  | Noticed an ancient lich
 61243 | Crypt:3  | Noticed an ancient lich
 61251 | Crypt:3  | Killed an ancient lich
 61262 | Crypt:3  | Killed an ancient lich
 61332 | Crypt:3  | Learned a level 6 spell: Bolt of Fire
 62006 | Slime:1  | Entered Level 1 of the Pits of Slime
 62070 | Slime:2  | Reached XP level 24. HP: 183/198 MP: 37/42
 62524 | Slime:5  | Entered Level 5 of the Pits of Slime
 62696 | Slime:5  | Noticed the Royal Jelly
 62710 | Slime:4  | HP: 3/198 [acid (36)]
 63333 | Vaults:5 | Entered Level 5 of the Vaults
 63335 | Vaults:5 | Reached skill level 15 in Fire Magic
 63335 | Vaults:5 | Reached skill level 15 in Invocations
 63335 | Vaults:5 | Reached skill level 15 in Conjurations
 63341 | Vaults:5 | Reached skill level 10 in Dodging
 64264 | Vaults:5 | Noticed an ancient lich
 64287 | Vaults:5 | Killed an ancient lich
 64299 | Vaults:5 | Reached skill level 16 in Fire Magic
 64312 | Vaults:5 | Learned a level 8 spell: Ignition
 64340 | Vaults:5 | Gained mutation: When low on magic, you restore magic in
                  | place of health. [demonic ancestry]
 64340 | Vaults:5 | Reached XP level 25. HP: 142/206 MP: 42/42
 64747 | Vaults:5 | Got a silver rune of Zot
 64959 | Vaults:5 | Reached skill level 17 in Fire Magic
 65407 | Vaults:5 | Identified the cursed +2 battleaxe of Intuition {protect,
                  | *Drain rPois rC+}
 65407 | Vaults:5 | Identified the ring of Goficzam {rPois rF- rC+ Str+7 SInv}
 65538 | Vaults:5 | Identified the +8 morningstar "Dodghi Fattiy" {crush, +Rage
                  | rC++ Str+4 Stlth-}
 65776 | Vaults:5 | Identified the +11 mace of Gozag's Whim {crush, +Blink
                  | rPois Dex+4} (You found it on level 5 of the Vaults)
 65785 | Vaults:5 | Identified the Tome of Summoning
 65791 | Vaults:5 | Identified the cursed +0 pair of gloves of Sin {rC+ Str+2}
                  | (You found it on level 5 of the Vaults)
 65799 | Vaults:5 | Identified Sif Muna's Guide on the Displaced Blaze
 66001 | Vaults:3 | Noticed Bai Suzhen
 66018 | Vaults:3 | Killed Bai Suzhen
 66673 | Depths:4 | Noticed Jory
 66680 | Depths:4 | Reached skill level 18 in Fire Magic
 66692 | Depths:4 | Killed Jory
 66854 | Depths:4 | Noticed a juggernaut
 66878 | Depths:4 | Killed a juggernaut
 67015 | Depths:5 | Entered Level 5 of the Depths
 67753 | Depths:5 | Reached skill level 19 in Fire Magic
 67981 | Depths:5 | Reached XP level 26. HP: 181/214 MP: 43/43
 68017 | Depths:5 | Learned a level 5 spell: Irradiate
 68404 | Depths:5 | Identified the +3 faerie dragon scales {rElec rCorr Str-3
                  | Int+10 Stlth-}
 68404 | Depths:5 | Noticed the Enchantress
 68448 | Depths:5 | Found a gate to the Realm of Zot.
 68581 | Depths:5 | Killed the Enchantress
 68590 | Depths:5 | Reached skill level 20 in Fire Magic
 68928 | Depths:5 | Got a distressingly furry cloak
 68929 | Depths:5 | Identified the +2 cloak of the Tuna {Int+4} (You found it
                  | on level 5 of the Depths)
 69439 | Slime:5  | Killed the Royal Jelly
 69636 | Slime:5  | Got a slimy rune of Zot
 69690 | Slime:5  | Got an ancient golden ring
 69692 | Slime:5  | Identified the ring of Contentment {rPois Int+3} (You found
                  | it on level 5 of the Pits of Slime)
 69702 | Slime:5  | Identified Jaiblet's Incunabulum of Quantum Shape Shifting
 70557 | Zot:1    | Entered Level 1 of the Realm of Zot
 72575 | Zot:3    | Gained mutation: Your melee attacks may debilitate your
                  | foes. [demonic ancestry]
 72575 | Zot:3    | Reached XP level 27. HP: 153/223 MP: 29/43
 74047 | Zot:4    | Reached skill level 15 in Shields
 74119 | Zot:4    | Learned a level 6 spell: Deflect Missiles
 74435 | Zot:2    | Reached skill level 1 in Air Magic
 74552 | Hell     | Entered the Vestibule of Hell
 74552 | Hell     | Noticed Geryon
 74633 | Hell     | Killed Geryon
 75050 | Hell     | Found a gateway to the Iron City of Dis.
 75109 | Hell     | Found a gateway to the ashen valley of Gehenna.
 75163 | Hell     | Found a gateway to the decaying netherworld of Tartarus.
 75214 | Hell     | Found a gateway to the freezing wastes of Cocytus.
 75466 | Zot:5    | Entered Level 5 of the Realm of Zot
 76089 | Zot:5    | Noticed an orb of fire
 76098 | Zot:5    | Noticed an orb of fire
 76099 | Zot:5    | Killed an orb of fire
 76101 | Zot:5    | Noticed an orb of fire
 76102 | Zot:5    | Noticed an orb of fire
 76105 | Zot:5    | Noticed an ancient lich
 76107 | Zot:5    | Noticed an orb of fire
 76110 | Zot:5    | Noticed an ancient lich
 76114 | Zot:5    | Killed an orb of fire
 76117 | Zot:5    | Reached skill level 5 in Air Magic
 76117 | Zot:5    | Gained mutation: You are weak. (Str -2) [an orb of fire]
 76119 | Zot:5    | Noticed an orb of fire
 76123 | Zot:5    | Noticed an orb of fire
 76126 | Zot:5    | Noticed an orb of fire
 76354 | Zot:5    | Killed an orb of fire
 76502 | Zot:5    | Killed an orb of fire
 76714 | Zot:5    | Reached skill level 21 in Fire Magic
 76826 | Zot:5    | Killed an ancient lich
 77049 | Zot:5    | Killed an ancient lich
 77061 | Zot:5    | Reached skill level 10 in Charms
 77108 | Zot:5    | Noticed an ancient lich
 77120 | Zot:5    | Killed an orb of fire
 77130 | Zot:5    | Killed an ancient lich
 77306 | Zot:5    | Got the Orb of Zot
 77349 | Zot:5    | Killed an orb of fire
 77619 | D:13     | Noticed Tyudgh the pandemonium lord
 77695 | D:10     | Noticed Geodiff the pandemonium lord
 77769 | D:8      | Noticed Yseh the pandemonium lord
 77848 | D:5      | Noticed Obbuon Elage the pandemonium lord
 77863 | D:5      | Killed Obbuon Elage the pandemonium lord
 77941 | D:2      | Reached skill level 15 in Fighting
 77996 | D:$      | Escaped with the Orb!

Skill      XL: |  1  2  3  4  5  6  7  8  9 10 11 12 13 14 15 16 17 18 19 20 21 22 23 24 25 26 27 |
---------------+----------------------------------------------------------------------------------+-----
Fire Magic     | 3 4 5 6 7 8 9 10 11 12 13 14 16 19 20 21 | 21.1
Dodging        | 2 3 4 5 6 7 8 9 10 11 | 11.7
Stealth        | 2 3 4 |  4.1
Axes           | 1 |  1.0
Conjurations   | 2 3 4 6 7 8 9 10 11 12 13 14 15 16 | 16.1
Maces & Flails | 1 2 3 4 |  4.3
Spellcasting   | 3 4 5 6 7 8 9 10 11 12 13 14 15 16 18 | 18.7
Fighting       | 1 2 3 4 5 6 7 8 9 10 11 12 13 15 | 15.0
Shields        | 1 2 3 4 5 6 7 8 9 10 11 12 13 14 15 | 15.0
Armour         | 1 2 4 5 6 7 8 9 10 11 12 14 | 14.3
Evocations     | 1 2 |  2.7
Invocations    | 2 4 7 8 10 11 13 14 15 16 17 | 17.5
Polearms       | 4 7 8 9 10 11 12 13 14 | 14.5
Necromancy     | 3 4 7 9 10 11 12 13 | 13.6
Translocations | 1 2 3 |  3.5
Charms         | 1 2 3 4 5 6 7 10 | 10.5
Summonings     | 5 7 9 10 | 10.2
Hexes          | 1 |  1.2
Air Magic      | 7 |  7.1
Staves         | |  0.4
Transmutations | |  0.8
Ice Magic      | |  0.2

Action                   |  1- 3 |  4- 6 |  7- 9 | 10-12 | 13-15 | 16-18 | 19-21 | 22-24 | 25-27 || total
-------------------------+-------+-------+-------+-------+-------+-------+-------+-------+-------++-------
Melee: Hand axe          |    43 |       |       |       |       |       |       |       |       ||    43
       Mace              |       |   111 |   275 |       |       |       |       |       |       ||   386
       Kick              |       |    17 |    60 |    44 |    67 |   286 |   305 |   620 |   603 ||  2002
       Trident           |       |       |       |   289 |   932 |   855 |       |       |       ||  2076
       Staff             |       |       |       |     2 |       |       |       |       |       ||     2
       Bardiche          |       |       |       |       |       |    25 |       |       |       ||    25
       Demon trident     |       |       |       |       |       |   214 |  1136 |  1620 |  1596 ||  4566
 Cast: Flame Tongue      |    45 |    85 |   155 |    77 |    70 |    42 |    20 |     4 |       ||   498
       Throw Flame       |     2 |    15 |    38 |    23 |    25 |    36 |    21 |       |    11 ||   171
       Sticky Flame      |       |       |    15 |    69 |   153 |   203 |    91 |    30 |    38 ||   599
       Fireball          |       |       |     1 |    43 |   123 |   153 |   152 |    52 |    29 ||   553
       Regeneration      |       |       |     1 |     5 |    44 |   107 |    92 |    88 |   111 ||   448
       Blink             |       |       |     1 |     4 |     8 |     4 |     6 |    12 |     3 ||    38
       Conjure Flame     |       |       |     1 |     1 |       |       |       |       |       ||     2
       Sublimation of Bl |       |       |       |       |    30 |    33 |    20 |       |       ||    83
       Vampiric Draining |       |       |       |       |     3 |    16 |     1 |       |       ||    20
       Shroud of Golubri |       |       |       |       |     6 |    12 |     3 |     2 |       ||    23
       Throw Icicle      |       |       |       |       |       |    14 |     1 |     1 |       ||    16
       Inner Flame       |       |       |       |       |       |     5 |    12 |     1 |       ||    18
       Aura of Abjuratio |       |       |       |       |       |     2 |    10 |    13 |     5 ||    30
       Bolt of Draining  |       |       |       |       |       |       |     8 |     7 |     3 ||    18
       Orb of Destructio |       |       |       |       |       |       |     2 |       |    38 ||    40
       Bolt of Fire      |       |       |       |       |       |       |       |     7 |    29 ||    36
       Dazzling Spray    |       |       |       |       |       |       |       |     2 |     1 ||     3
       Ignition          |       |       |       |       |       |       |       |       |    71 ||    71
       Irradiate         |       |       |       |       |       |       |       |       |    11 ||    11
       Deflect Missiles  |       |       |       |       |       |       |       |       |     3 ||     3
Invok: Upheaval          |       |       |     5 |     1 |     1 |     6 |     3 |     2 |       ||    18
       Disaster Area     |       |       |       |       |     7 |     3 |     7 |     9 |     6 ||    32
Evoke: Wand              |       |       |    13 |     3 |     7 |    14 |     7 |       |     6 ||    50
  Use: Scroll            |       |     4 |     2 |    14 |    10 |    21 |    24 |     8 |    15 ||    98
       Potion            |       |       |       |    12 |     2 |     4 |    16 |     5 |     9 ||    48
 Stab: Sleeping          |     2 |     1 |       |       |       |       |       |       |       ||     3
       Petrified         |       |       |       |       |     4 |       |       |       |       ||     4
       Distracted        |       |       |       |       |       |     1 |       |       |       ||     1
  Eat: Chunk             |     3 |     9 |    18 |    28 |    46 |    34 |    44 |    20 |    55 ||   257
       Ration            |       |       |     1 |     4 |     3 |     9 |     7 |     7 |     8 ||    39
Armor: Robe              |    12 |     6 |       |       |       |       |       |       |       ||    18
       Ring mail         |       |    33 |   129 |    48 |       |       |       |       |       ||   210
       Steam dragon scal |       |       |       |    24 |    16 |       |       |       |       ||    40
       Chain mail        |       |       |       |       |   323 |   499 |   297 |   411 |   555 ||  2085
Dodge: Dodged            |    51 |    82 |   189 |   131 |   293 |   471 |   345 |   485 |   669 ||  2716
       Deflected         |       |       |       |     3 |    24 |    88 |    72 |    46 |    65 ||   298
Block: Buckler           |     9 |    37 |   186 |   213 |   657 |   928 |   651 |   782 |  1000 ||  4463
       Other             |       |       |       |       |       |    19 |       |       |       ||    19
       Reflection        |       |       |       |       |       |       |       |       |     6 ||     6
